 Dungeon Crawl Stone Soup version 0.29-a0-830-gcb1280458a (webtiles) character file.

Game seed: 4609902150243126661

119915 Bnni the Fencer (level 16, 0/138 HPs)
             Began as a Demonspawn Gladiator on July 12, 2022.
             Was the Champion of Lugonu.
             Slain by an earth elemental (29 damage)
             ... on level 1 of the Elven Halls.
             The game lasted 01:33:22 (38413 turns).

Bnni the Fencer (Demonspawn Gladiator)             Turns: 38413, Time: 01:33:23

Health: 0/138      AC: 10    Str: 16    XL:     16   Next: 28%
Magic:  25/25      EV: 21    Int: 10    God:    Lugonu [******]
Gold:   1488       SH: 15    Dex: 28    Spells: 15/15 levels left

rFire   + + .      SeeInvis .   r - +2 scimitar (flame)
rCold   + + .      Faith    .   p - +0 buckler
rNeg    + . .      Spirit   .   D - +2 leather armour of Pantheism {+Inv Dex+7}
rPois   .          Reflect  .   c - +0 helmet
rElec   .          Harm     .   C - scarf {rC+ rF+}
rCorr   .          Rampage  .   O - +0 pair of gloves
Will    ++++.      Clarity  +   j - +2 pair of boots
Stlth   ++........              i - amulet of the Four Winds {rN+ Will+++ Clar}
HPRegen 0.33/turn               q - ring of protection from cold
MPRegen 0.19/turn               Y - ring of protection from fire

@: no status effects
A: large bone plates 3, demonic guardian 2, spiny 2, weakness stinger 2
a: Renounce Religion, Evoke Invisibility, Depart the Abyss, Bend Space, Banish,
Corrupt, Enter the Abyss, Brand Weapon With Distortion


You were on level 1 of the Elven Halls.
You worshipped Lugonu.
Lugonu was exalted by your worship.
You visited 4 branches of the dungeon, and saw 24 of its levels.
You also visited: Bailey, Gauntlet and Ice Cave.

You collected 2923 gold pieces.
You spent 1435 gold pieces at shops.

Inventory:

Hand Weapons
 r - a +2 scimitar of flaming (weapon)
 t - a +1 hand crossbow of freezing
 E - a +1 dagger of electrocution
 S - a +1 scimitar of electrocution
Armour
 a - the +1 chain mail "Rumoucuv" {rC- rN++ Regen+ Slay+2}
   (You found it on level 2 of the Lair of Beasts)

   Slay:      It affects your accuracy & damage with ranged weapons and melee
   (+2).
   rC:        It makes you vulnerable to cold.
   rN:        It greatly protects you from negative energy.
   Regen:     It increases your rate of health regeneration.
 c - a +0 helmet (worn)
 e - a +1 kite shield of cold resistance
 j - a +2 pair of boots (worn)
 p - a +0 buckler (worn)
 C - a scarf of resistance (worn)
 D - the +2 leather armour of Pantheism (worn) {+Inv Dex+7}
   (You found it on level 11 of the Dungeon)

   Dex:       It affects your dexterity (+7).
   +Inv:      It lets you turn invisible.
 M - a +3 ring mail of willpower
 O - a +0 pair of gloves (worn)
 Z - a +2 ring mail of fire resistance
Jewellery
 f - a ring of flight
 i - the amulet of the Four Winds (around neck) {rN+ Will+++ Clar}
   (You bought it in a shop on level 2 of the Orcish Mines)

   [amulet of nothing]

   rN:        It protects you from negative energy.
   Clar:      It protects you against confusion.
   Will:      It greatly increases your willpower.
 q - a ring of protection from cold (left hand)
 L - a ring of ice
 T - the ring of Wouxki {rN+ SInv}
   (You found it in a Gauntlet)

   [ring of see invisible]

   rN:        It protects you from negative energy.
   SInv:      It lets you see invisible.
 Y - a ring of protection from fire (right hand)
Wands
 m - a wand of digging (3)
 n - a wand of mindburst (13)
 x - a wand of polymorph (4)
 y - a wand of roots (8)
 z - a wand of flame (15)
 A - a wand of charming (12)
 V - a wand of quicksilver (25)
Scrolls
 d - 2 scrolls of amnesia
 h - 7 scrolls of blinking
 k - a scroll of fog
 l - 6 scrolls of magic mapping
 o - 8 scrolls of teleportation
 s - a scroll of fear
 u - 3 scrolls of silence
 v - 7 scrolls of enchant weapon
 B - a scroll of summoning {unknown}
 I - 5 scrolls of enchant armour
 N - a scroll of brand weapon
 Q - 4 scrolls of identify
Potions
 b - 4 potions of attraction
 g - 5 potions of haste
 w - 4 potions of heal wounds
 F - a potion of flight
 G - 5 potions of might
 H - a potion of resistance
 K - 14 potions of curing
 R - a potion of brilliance
 U - a potion of berserk rage
 X - a potion of invisibility
Miscellaneous
 W - a phial of floods


   Skills:
 + Level 16.0 Fighting
 - Level 16.2 Long Blades
 * Level 10.0 Ranged Weapons
 - Level 1.7 Throwing
 - Level 3.0 Armour
 - Level 10.0 Dodging
 - Level 5.0 Shields
 - Level 12.0 Invocations


You had 15 spell levels left.
You didn't know any spells.
Your spell library contained the following spells:

 Spells                   Type           Power      Damage    Failure   Level
 Apportation              Tloc           0%         N/A       52%         1
 Sandblast                Erth           0%         2d4       52%         1
 Sting                    Tmut/Pois      0%         1d3       52%         1
 Blink                    Tloc           0%         N/A       65%         2
 Ensorcelled Hibernation  Hex/Ice        0%         N/A       65%         2
 Passwall                 Tmut/Erth      0%         N/A       65%         2
 Poisonous Vapours        Pois/Air       0%         N/A       65%         2
 Sublimation of Blood     Necr           0%         N/A       65%         2
 Conjure Flame            Conj/Fire      0%         6-21      87%         3
 Dazzling Flash           Conj/Hex       0%         N/A       87%         3
 Frozen Ramparts          Ice            0%         1d2       87%         3
 Ignite Poison            Fire/Tmut/Pois 0%         N/A       87%         3
 Ozocubu's Armour         Ice            0%         N/A       87%         3
 Portal Projectile        Hex/Tloc       0%         N/A       87%         3
 Spider Form              Tmut/Pois      0%         N/A       87%         3
 Stone Arrow              Conj/Erth      0%         3d7       87%         3
 Tukima's Dance           Hex            0%         N/A       87%         3
 Anguish                  Hex/Necr       0%         N/A       99%         4
 Animate Dead             Necr           0%         N/A       99%         4
 Ice Form                 Ice/Tmut       0%         N/A       99%         4
 Iskenderun's Mystic Bla  Conj/Tloc      0%         2d3       99%         4
 Olgreb's Toxic Radiance  Pois           0%         N/A       99%         4
 Petrify                  Tmut/Erth      0%         N/A       99%         4
 Sticky Flame             Conj/Fire      0%         2d3       99%         4
 Summon Ice Beast         Ice/Summ       0%         N/A       99%         4
 Agony                    Necr           0%         N/A       100%        5
 Alistair's Intoxication  Tmut/Pois      0%         N/A       100%        5
 Blade Hands              Tmut           0%         N/A       100%        5
 Borgnjor's Vile Clutch   Necr/Erth      0%         N/A       100%        5
 Irradiate                Conj/Tmut      0%         3d11      100%        5
 Manifold Assault         Tloc           0%         N/A       100%        5
 Metabolic Englaciation   Hex/Ice        0%         N/A       100%        5
 Silence                  Hex/Air        0%         N/A       100%        5
 Death Channel            Necr           0%         N/A       100%        6
 Simulacrum               Ice/Necr       0%         N/A       100%        6
 Starburst                Conj/Fire      0%         6d3       100%        6
 Storm Form               Tmut/Air       0%         N/A       100%        7


Dungeon Overview and Level Annotations

Branches:
Dungeon (15/15)            Temple (0/1) D:5            Lair (6/6) D:10
  Swamp (0/4) Lair:3        Snake (0/4) Lair:3        Slime (0/5) Lair:5
    Orc (2/2) D:12            Elf (1/3) Orc:2        Vaults (0/5) D:13
 Depths (0/4) D:15         Bailey (visited)           IceCv (visited)
Gauntlet (visited)

Altars:
Ashenzari
Cheibriados
Dithmenos
Gozag
Hepliaklqana
Makhleb
Nemelex Xobeh
Okawaru
Qazlal
Ru
Trog
Wu Jian
Xom
Lugonu

Shops:
D:4 *(   D:12 (   Orc:2 *==[

Portals:
Trove: D:12 (give 7 potions of haste)

Annotations:
D:13 1 runed translucent door
Orc:1 corrupted


Innate Abilities, Weirdness & Mutations

You are completely covered in large bone plates. (SH +8)
A demonic guardian rushes to your aid.
You are mostly covered in sharp spines.
You have a tail ending in a sharp stinger.


Message History

You block the deep elf zephyrmancer's attack.
You slash the deep elf zephyrmancer! You burn the deep elf zephyrmancer.
You kill the deep elf zephyrmancer!
Lugonu accepts your kill.
Your Ranged Weapons skill increases to level 10!
You slash the deep elf zephyrmancer! You burn the deep elf zephyrmancer.
The deep elf zephyrmancer is moderately wounded.
You slice the deep elf zephyrmancer!! You burn the deep elf zephyrmancer!
The deep elf zephyrmancer is almost dead.
The deep elf zephyrmancer completely misses you.
You barely miss the deep elf zephyrmancer.
The deep elf zephyrmancer is almost dead.
The deep elf zephyrmancer is struck by your spines.
The deep elf zephyrmancer hits you with a +0 short sword.
* * * LOW HITPOINT WARNING * * *
You slash the deep elf zephyrmancer! You burn the deep elf zephyrmancer.
You kill the deep elf zephyrmancer!
Lugonu accepts your kill.
You hit the earth elemental.
The earth elemental is lightly damaged.
You hit the earth elemental.
The earth elemental is lightly damaged.
The earth elemental is struck by your spines.
The earth elemental completely misses you.
You hit the earth elemental but do no damage.
Your tail-slap misses the earth elemental.
The earth elemental is moderately damaged.
The deep elf zephyrmancer casts a spell.
The deep elf zephyrmancer blinks!
You slash the earth elemental!
The earth elemental is heavily damaged.
You block the earth elemental's attack.
You slash the earth elemental!
Your tail-slap misses the earth elemental.
The earth elemental is severely damaged.
You hit the earth elemental but do no damage.
You tail-slap the earth elemental, but do no damage.
The earth elemental is severely damaged.
The earth elemental hits you!!
You die...

. #.. .... e #.#
.### ## #e
#^##... ...
#.##.##..##.#
#..#.##.....#
#.)).##.....# #
#.......># .##
####......##....
+@Ee....).......
####....####....
##.........#
###.#####.# #.#
#.# ##.###
###....#
####....#.#


You could see an earth elemental and a deep elf zephyrmancer.

Vanquished Creatures
  Kirke (Lair:4)
  The ghost of knorpule3000 the Peltast, a journeyman DsAK of Lugonu (Orc:1)
  2 orc warlords
  Azrael (Orc:2)
  A minotaur (Gauntlet)
  Josephine (D:10)
  Erolcha (D:9)
  A vault guard (D:13)
  7 hydras
  A boulder beetle (D:14)
  9 centaur warriors
  5 two-headed ogres
  An anaconda (Lair:6)
  3 dancing weapons (Elf:1)
  A vampire mage (D:15)
  7 death yaks
  2 tengu warriors (D:14)
  A titan zombie (D:15)
  8 orc high priests (Orc:2)
  Urug (Lair:6)
  Sonja (Lair:4)
  5 deep elf knights (Elf:1)
  6 skeletal warriors
  2 bog bodies (IceCv)
  Pikel (D:5)
  A deep elf archer (Elf:1)
  A stone giant zombie (D:15)
  3 deep elf pyromancers
  5 deep elf zephyrmancers (Elf:1)
  3 orc knights
  7 orc sorcerers
  8 cyclopes
  An oklob plant (Lair:5)
  A manticore (D:14)
  5 slime creatures
  12 ugly things
  A moth of wrath (Orc:1)
  7 elephants
  6 black mambas
  An ice statue (IceCv)
  A torpor snail (Lair:2)
  8 cane toads
  An efreet (D:15)
  A kobold demonologist (D:9)
  4 rime drakes
  2 entropy weaver simulacra (IceCv)
  An ice devil (IceCv)
  13 komodo dragons
  An anaconda simulacrum (IceCv)
  4 tengu conjurers (D:14)
  5 trolls
  A meliai (D:14)
  A tyrant leech (Gauntlet)
  A queen bee (Gauntlet)
  11 polar bears (Lair:6)
  A hornet (D:10)
  Grinder (D:5)
  11 blink frogs
  An ettin zombie (D:15)
  2 raiju (Lair:6)
  Sigmund (D:2)
  38 yaks
  A centaur simulacrum (D:14)
  A shadow (D:12)
  2 wyverns
  5 wraiths
  6 basilisks
  13 humans
  6 death yak simulacra (IceCv)
  A fire bat (shapeshifter) (D:14)
  6 fire elementals
  3 hogs (Lair:4)
  4 vampire mosquitoes (D:14)
  13 wargs
  A steam dragon (D:8)
  Menkaure (D:5)
  A naga (Lair:3)
  6 swamp worms
  18 water moccasins
  An acid dragon (D:11)
  16 hell hounds
  17 black bears
  39 orc warriors
  A sky beast (D:8)
  8 ogres
  33 wolves
  16 centaurs
  3 kobold brigands
  15 bullfrogs
  4 necrophages
  An earth elemental (Elf:1)
  2 gnoll sergeants
  4 two-headed ogre simulacra (IceCv)
  11 scorpions
  2 cane toad simulacra (IceCv)
  10 wights
  2 elephant simulacra (IceCv)
  6 killer bees
  4 electric eels
  4 hounds
  A gnoll bouda (D:5)
  32 orc priests
  A jelly (Lair:5)
  Natasha (thrice) (D:3)
  5 iguanas
  11 orc wizards
  5 troll simulacra (IceCv)
  8 spriggan simulacra (IceCv)
  2 wolf simulacra (IceCv)
  22 gnolls
  2 naga simulacra (IceCv)
  7 adders
  A shadow imp (D:5)
  9 white imps
  5 ufetubi
  3 dart slugs
  93 orcs
  3 bats (D:2)
  8 endoplasms
  6 giant cockroaches
  19 goblins
  6 hobgoblins
  12 jackals
  23 kobolds
  6 quokkas
  10 ball pythons
  6 frilled lizards
  7 rats
845 creatures vanquished.

Vanquished Creatures (collateral kills)
  An anaconda (shapeshifter) (D:14)
  A dancing weapon (Elf:1)
  2 deep elf knights (Elf:1)
  A deep elf zephyrmancer (Elf:1)
  A komodo dragon (Lair:3)
  A blink frog (Lair:6)
  A slime creature (D:13)
  An orc warrior (Bailey)
  An orc priest (Orc:2)
  2 orcs (Orc:2)
  A giant cockroach (D:8)
  2 butterflies (D:8)
15 creatures vanquished.

Vanquished Creatures (others)
  An orc high priest (Orc:1)
  A deep elf knight (Elf:1)
  2 orc knights (Orc:1)
  An orc sorcerer (Orc:1)
  9 orc warriors (Orc:1)
  8 orc priests (Orc:1)
  9 orc wizards (Orc:1)
  9 orcs (Orc:1)
  25 fungi
  70 plants
  A withered plant (D:15)
136 creatures vanquished.

Grand Total: 996 creatures vanquished

Notes
Turn   | Place    | Note
-------+----------+-------------------------------------------
     0 | D:1      | Bnni the Demonspawn Gladiator began the quest for the Orb.
     0 | D:1      | Reached XP level 1. HP: 16/16 MP: 1/1
     8 | D:1      | Found a faded altar of an unknown god.
    39 | D:1      | Gained mutation: You are partially covered in large bone
                  | plates. (SH +4) [demonic ancestry]
    39 | D:1      | Reached XP level 2. HP: 22/22 MP: 2/2
    54 | D:1      | Prayed at the altar of an unknown god.
    54 | D:1      | Became a worshipper of Lugonu the Unformed
    54 | D:1      | Reached * piety under Lugonu
    54 | D:1      | Reached ** piety under Lugonu
   842 | D:1      | Gained mutation: You are mostly covered in large bone
                  | plates. (SH +6) [demonic ancestry]
   842 | D:1      | Reached XP level 3. HP: 26/28 MP: 3/3
  1308 | D:2      | Reached skill level 1 in Invocations
  1431 | D:2      | Found an ornate altar of the Wu Jian Council.
  1439 | D:2      | Reached *** piety under Lugonu
  1701 | D:2      | Gained mutation: You are partially covered in sharp spines.
                  | [demonic ancestry]
  1701 | D:2      | Reached XP level 4. HP: 34/34 MP: 4/4
  2024 | D:2      | Noticed Sigmund
  2163 | D:2      | Killed Sigmund
  2164 | D:2      | Reached XP level 5. HP: 11/41 MP: 5/7
  2982 | D:3      | Reached XP level 6. HP: 47/47 MP: 8/8
  3138 | D:3      | Found a shadowy altar of Dithmenos.
  3355 | D:3      | Found an ornate altar of the Wu Jian Council.
  3391 | D:3      | Found a burning altar of Makhleb.
  3436 | D:3      | Noticed Natasha
  3451 | D:3      | Killed Natasha
  3452 | D:3      | Reached skill level 5 in Long Blades
  3804 | D:3      | Found an opulent altar of Gozag.
  3839 | D:3      | Noticed Natasha
  3847 | D:3      | Killed Natasha
  3878 | D:3      | Noticed Natasha
  3884 | D:3      | Killed Natasha
  3915 | D:3      | Found a sparkling altar of Nemelex Xobeh.
  3922 | D:3      | Found a stormy altar of Qazlal.
  4206 | D:4      | Found Fuleub's Weapon Shoppe.
  4206 | D:4      | Found Aquoru's Mass Market.
  4222 | D:4      | Reached **** piety under Lugonu
  4343 | D:3      | Reached XP level 7. HP: 25/55 MP: 9/9
  4796 | D:4      | Reached skill level 5 in Fighting
  5640 | D:5      | Entered Level 5 of the Dungeon
  5640 | D:5      | Noticed Menkaure
  5643 | D:5      | Killed Menkaure
  5644 | D:5      | Gained mutation: A weak demonic guardian rushes to your
                  | aid. [demonic ancestry]
  5644 | D:5      | Reached XP level 8. HP: 63/63 MP: 10/10
  6024 | D:5      | Reached XP level 9. HP: 11/72 MP: 11/11
  6361 | D:5      | Noticed Pikel
  6372 | D:5      | Killed Pikel
  6495 | D:5      | Reached ***** piety under Lugonu
  6803 | D:5      | Found a staircase to the Ecumenical Temple.
  6891 | D:5      | Noticed Grinder
  6892 | D:5      | Paralysed by Grinder for 2 turns
  6914 | D:5      | Killed Grinder
  6915 | D:5      | Reached skill level 10 in Long Blades
  7468 | D:6      | Found a broken altar of Ashenzari.
  7831 | D:6      | Found a shimmering altar of Xom.
  7832 | D:6      | Found a hazy altar of Hepliaklqana.
  7833 | D:6      | Noticed a spectral ugly thing
  7904 | D:6      | Noticed a two-headed ogre
  7914 | D:6      | Killed a two-headed ogre
  8279 | D:7      | Reached XP level 10. HP: 63/82 MP: 12/12
  8445 | D:7      | Found a flagged portal.
  8464 | Bailey   | Entered a bailey
 10411 | D:7      | Found a sacrificial altar of Ru.
 11685 | D:8      | Found a runed translucent door.
 11687 | D:8      | Found a runed translucent door.
 12178 | D:8      | Noticed a deep elf pyromancer
 12185 | D:8      | Killed a deep elf pyromancer
 12458 | D:8      | Found a bloodstained altar of Trog.
 13264 | D:9      | Noticed an orange demon
 13266 | D:9      | Noticed a rust devil
 13268 | D:9      | Reached skill level 10 in Fighting
 13268 | D:9      | Gained mutation: You are mostly covered in sharp spines.
                  | [demonic ancestry]
 13268 | D:9      | Reached XP level 11. HP: 46/90 MP: 8/13
 14017 | D:9      | Noticed Erolcha
 14028 | D:9      | Killed Erolcha
 14289 | D:10     | Entered Level 10 of the Dungeon
 14295 | D:10     | Reached ****** piety under Lugonu
 14382 | D:10     | Found a staircase to the Lair.
 14761 | D:10     | Noticed Josephine
 14766 | D:10     | Killed Josephine
 14948 | D:10     | Found an iron altar of Okawaru.
 15845 | D:11     | Reached skill level 5 in Invocations
 16087 | D:11     | Identified the +2 leather armour of Pantheism {+Inv Dex+7}
 16175 | D:12     | Noticed a green ugly thing
 16175 | D:12     | Found Gemin's Weapon Shop.
 16175 | D:12     | Found a staircase to the Orcish Mines.
 16190 | D:12     | Killed a green ugly thing
 16510 | D:12     | Noticed a centaur warrior
 16519 | D:12     | Killed a centaur warrior
 16525 | D:12     | Noticed a two-headed ogre
 16533 | D:12     | Killed a two-headed ogre
 16534 | D:12     | Gained mutation: You are completely covered in large bone
                  | plates. (SH +8) [demonic ancestry]
 16534 | D:12     | Reached XP level 12. HP: 56/100 MP: 10/17
 16914 | D:12     | Noticed a seven-headed hydra
 16916 | D:12     | Banished a seven-headed hydra
 17051 | D:12     | Found a portal to a secret trove of treasure.
 17214 | D:12     | Noticed a seven-headed hydra
 17217 | D:12     | Banished a seven-headed hydra
 17321 | D:13     | Found a runed translucent door.
 17321 | D:13     | Noticed a frost giant
 17321 | D:13     | Noticed a yaktaur captain
 17322 | D:13     | Noticed a tengu reaver
 17468 | D:13     | Found a gate leading to a gauntlet.
 17474 | Gauntlet | Entered a Gauntlet
 17474 | Gauntlet | Found a transporter.
 17474 | Gauntlet | Found a transporter.
 17474 | Gauntlet | Found a transporter.
 17498 | Gauntlet | Found a transporter.
 17501 | Gauntlet | Found a transporter.
 17509 | Gauntlet | Found a transporter.
 17512 | Gauntlet | Found a transporter.
 17520 | Gauntlet | Found a transporter.
 17523 | Gauntlet | Noticed an entropy weaver
 17540 | Gauntlet | Found a transporter.
 17561 | Gauntlet | Found a transporter.
 17562 | Gauntlet | Found a transporter.
 17573 | Gauntlet | Found a transporter.
 18159 | Gauntlet | Identified the ring of Wouxki {rN+ SInv}
 18176 | Gauntlet | Noticed a minotaur
 18187 | Gauntlet | Killed a minotaur
 18533 | D:13     | Reached skill level 10 in Invocations
 18827 | D:13     | Noticed a vault guard
 18841 | D:13     | Killed a vault guard
 18863 | D:13     | Found a gate to the Vaults.
 19143 | D:13     | Noticed a centaur warrior
 19152 | D:13     | Killed a centaur warrior
 19482 | D:14     | Noticed a centaur warrior
 19493 | D:14     | Noticed a centaur warrior
 19494 | D:14     | Killed a centaur warrior
 19494 | D:14     | Noticed a six-headed hydra
 19500 | D:14     | Banished a six-headed hydra
 19506 | D:14     | Killed a centaur warrior
 19507 | D:14     | Reached skill level 5 in Dodging
 19514 | D:14     | Noticed a two-headed ogre
 19522 | D:14     | Noticed an anaconda
 19522 | D:14     | a sea snake changed into an anaconda
 19523 | D:14     | Killed a two-headed ogre
 19527 | D:14     | Killed an anaconda
 19528 | D:14     | Gained mutation: You have a small tail. [demonic ancestry]
 19528 | D:14     | Reached XP level 13. HP: 64/109 MP: 13/22
 21680 | D:14     | Reached skill level 15 in Long Blades
 21680 | D:14     | Reached skill level 1 in Armour
 23192 | D:15     | Entered Level 15 of the Dungeon
 24094 | D:14     | Gained mutation: You have a tail ending in a sharp stinger.
                  | [demonic ancestry]
 24094 | D:14     | Reached XP level 14. HP: 112/119 MP: 20/23
 24295 | D:15     | Found a staircase to the Depths.
 24482 | Lair:1   | Entered Level 1 of the Lair of Beasts
 25877 | Lair:2   | Identified the +1 chain mail "Rumoucuv" {rC- rN++ Regen+
                  | Slay+2}
 26691 | Lair:3   | Reached skill level 1 in Ranged Weapons
 26893 | Lair:3   | Found a staircase to the Swamp.
 27094 | Lair:3   | Found a staircase to the Snake Pit.
 27560 | Lair:4   | Found a frozen archway.
 27581 | IceCv    | Entered an ice cave
 28942 | Lair:4   | Noticed Sonja
 28952 | Lair:4   | Killed Sonja
 29210 | Lair:4   | Reached skill level 1 in Shields
 29629 | Lair:4   | Noticed Kirke
 29642 | Lair:4   | Killed Kirke
 30450 | Lair:5   | Found a snail-covered altar of Cheibriados.
 30644 | Lair:5   | Found a staircase to the Slime Pits.
 30700 | Lair:5   | Reached XP level 15. HP: 127/127 MP: 24/24
 31249 | Lair:6   | Entered Level 6 of the Lair of Beasts
 31255 | Lair:6   | Reached skill level 5 in Ranged Weapons
 31710 | Lair:6   | Noticed Urug
 31715 | Lair:6   | Killed Urug
 31863 | Lair:6   | Reached skill level 15 in Fighting
 33744 | Orc:1    | Entered Level 1 of the Orcish Mines
 33819 | Orc:1    | Noticed knorpule3000's ghost (journeyman DsAK)
 33932 | Orc:1    | Found a bloodstained altar of Trog.
 33941 | Orc:1    | Found a transporter.
 33953 | Orc:1    | Paralysed by an orc sorcerer for 2 turns
 34040 | Orc:1    | Noticed an orc warlord
 34051 | Orc:1    | Killed an orc warlord
 34219 | Orc:1    | Corrupted Orc:1
 34222 | Orc:1    | Noticed a profane servitor
 34251 | Orc:1    | Noticed a bone dragon
 34661 | Orc:1    | Found a transporter.
 34736 | Orc:1    | Killed knorpule3000's ghost
 35044 | Orc:2    | Entered Level 2 of the Orcish Mines
 35340 | Orc:2    | Found Vozach's General Store.
 35340 | Orc:2    | Found Zunupek's Jewellery Emporium.
 35380 | Orc:2    | Reached skill level 5 in Shields
 35659 | Orc:2    | Reached skill level 10 in Dodging
 35768 | Orc:2    | Paralysed by an orc sorcerer for 2 turns
 35947 | Orc:2    | Noticed an orc warlord
 35976 | Orc:2    | Killed an orc warlord
 36357 | Orc:2    | Found a staircase to the Elven Halls.
 36485 | Orc:2    | Noticed Azrael
 36506 | Orc:2    | Killed Azrael
 36923 | Orc:2    | Gained mutation: A demonic guardian rushes to your aid.
                  | [demonic ancestry]
 36923 | Orc:2    | Reached XP level 16. HP: 137/137 MP: 25/25
 37248 | Orc:2    | Found Bozae's Antique Armour Emporium.
 37248 | Orc:2    | Found Fuegh's Jewellery Boutique.
 37253 | Orc:2    | Bought a jewelled leather armour for 224 gold pieces
 37253 | Orc:2    | Identified the +0 leather armour of the Avant Garde God
                  | {Dex+4} (You bought it in a shop on level 2 of the Orcish
                  | Mines)
 37253 | Orc:2    | Bought a glowing cloak for 240 gold pieces
 37267 | Orc:2    | Bought the amulet of the Four Winds {rN+ Will+++ Clar} for
                  | 971 gold pieces
 37267 | Orc:2    | Found the amulet of the Four Winds {rN+ Will+++ Clar}
 37565 | Elf:1    | Entered Level 1 of the Elven Halls
 38404 | Elf:1    | Reached skill level 10 in Ranged Weapons
 38413 | Elf:1    | Slain by an earth elemental

Illustrated notes

Levels and vault maps discovered:
D:1:      amcnicky_arrival_flooded_fountain, layout_loops_corners,
          dreamdust_ecumenical_altar_statues
D:2:      layout_basic, basic_altar, nicolae_kite_square_tiling_tiny,
          uniq_sigmund
D:3:      layout_loops_corners, mainiacjoe_overflow_catwalk,
          nicolae_dithmenos_through_a_glass_darkly, marbit_many_paths,
          lemuel_crystal_altar, amethyst_overflow_temple_binary,
          grunt_gozag_statues, minmay_pentangle, uniq_natasha
D:4:      layout_rooms, serial_shops, nicolae_inconvenience_store,
          minmay_shop_mass, roderic_roman_lattice, lexackson_kobold_supper
D:5:      layout_loops_ring, minmay_temple_entry_waves,
          minmay_misc_feat_encased, uniq_menkaure, uniq_pikel, uniq_grinder
D:6:      layout_basic, ashenzari_conservatory_becter,
          regret_index_temple_of_mockery
D:7:      layout_basic, nicolae_ru_path_of_blood, enter_bailey_5
D:8:      lemuel_insect_pit, layout_layer_cave,
          mainiacjoe_overflow_surrounded_room
D:9:      layout_loops_cross, uniq_erolcha
D:10:     layout_loops_ring, okawaru_humans, elyvilon_altar_3,
          due_lair_maze_entry_diamond, grunt_decor_cap, uniq_josephine
D:11:     layout_cave_pods, eino_curves_03
D:12:     layout_cave_pools, orc_david_3, nicolae_trove_entry_columns
D:13:     layout_roguey, ximxim_vaults_locker_room, gauntlet_entry_generic,
          kennysheep_treasure_room
D:14:     layout_irregular_city, chequers_mini_garden, onia_ninara_cookie
D:15:     gammafunk_depths_entry_grave, layout_rooms, serial_shops, shop,
          serial_park_fountain
Lair:1:   layout_long_grid, serial_bayou, serial_bayou_ford_a,
          serial_bayou_pond_a, serial_bayou_pond_d, serial_bayou_lagoon_a,
          serial_bayou_pond_c, serial_bayou_lagoon_b
Lair:2:   layout_cave_shapes
Lair:3:   layout_gridlike, palyth_hydra_swamp_entry, guppyfry_snake_entry_garden
Lair:4:   layout_concentric_octagons, portal_ice_cave_entry_pillars_1,
          grunt_megastairs_3, lemuel_fruit_fields, uniq_kirke, uniq_sonja
Lair:5:   layout_gridlike, minmay_slime_entry_pillars, lemuel_oklob_altar
Lair:6:   hangedman_lair_caniforms_friends, layout_regular_city, serial_rivers,
          chequers_serial_rivers_micro_a, chequers_serial_rivers_small_b,
          chequers_serial_rivers_large_b, chequers_serial_rivers_room_b,
          nicolae_lair_grove_arrangements, lemuel_fruit_tree, uniq_urug
Orc:1:    orc_temple, layout_diamond_mine, gammafunk_ghost_wrathful_warriors
Orc:2:    st_orc_town, layout_caves, guppyfry_library_mini, uniq_azrael
Elf:1:    layout_loops_corners, minivault_28, serial_sigils_hangedman_leer

Skill      XL: |  1  2  3  4  5  6  7  8  9 10 11 12 13 14 15 16 |
---------------+-------------------------------------------------+-----
Long Blades    | 3 4 6 7 9 11 12 14 15 16 | 16.2
Invocations    | 1 3 7 12 | 12.0
Fighting       | 3 4 5 7 8 10 11 12 13 14 15 16 | 16.0
Dodging        | 5 7 8 10 | 10.0
Armour         | 2 3 |  3.0
Ranged Weapons | 4 8 10 | 10.0
Shields        | 2 5 |  5.0
Throwing       | |  1.7

Action                   |  1- 3 |  4- 6 |  7- 9 | 10-12 | 13-15 | 16-18 || total
-------------------------+-------+-------+-------+-------+-------+-------++-------
Melee: Long sword        |   179 |   112 |    70 |       |       |       ||   361
       Punch             |     1 |     1 |     3 |     5 |       |       ||    10
       Unarmed           |       |     6 |       |       |       |       ||     6
       Dagger            |       |       |   223 |   206 |       |       ||   429
       Great sword       |       |       |       |   395 |   503 |       ||   898
       Tailslap          |       |       |       |       |   251 |    10 ||   261
       Scimitar          |       |       |       |       |   657 |    43 ||   700
 Fire: Sling             |       |       |    14 |    32 |       |       ||    46
       Shortbow          |       |       |       |     4 |       |       ||     4
       Hand crossbow     |       |       |       |       |   245 |   106 ||   351
       Arbalest          |       |       |       |       |    14 |       ||    14
Throw: Throwing net      |       |     7 |     5 |     9 |     1 |       ||    22
       Dart              |       |     8 |     5 |    10 |     2 |       ||    25
       Javelin           |       |     4 |     1 |     2 |       |       ||     7
Invok: Banish            |       |       |       |     4 |       |       ||     4
       Bend Space        |       |       |       |       |     1 |       ||     1
       Corrupt           |       |       |       |       |     1 |       ||     1
  Use: Scroll            |     1 |     2 |     1 |    14 |    10 |       ||    28
       Potion            |       |     3 |     7 |     2 |     2 |     1 ||    15
 Stab: Sleeping          |     1 |       |       |     3 |     2 |       ||     6
       Held in net/web   |       |     1 |     5 |     5 |     1 |       ||    12
       Distracted        |       |       |       |     1 |     3 |     1 ||     5
Armor: Leather armour    |    19 |       |       |    11 |   145 |     6 ||   181
       Ring mail         |    38 |    25 |    55 |    42 |       |       ||   160
       Skin              |       |     8 |       |       |       |       ||     8
       Steam dragon scal |       |       |       |    80 |       |       ||    80
       Acid dragon scale |       |       |       |    11 |       |       ||    11
       Chain mail        |       |       |       |    48 |   159 |       ||   207
Dodge: Dodged            |   118 |    61 |    90 |   254 |   704 |    31 ||  1258
Block: Other             |    42 |    38 |    48 |   179 |   199 |       ||   506
       Buckler           |       |       |       |       |   567 |    34 ||   601

Table legend: (Time is in decaauts)
 A = Elapsed time spent in this place.
 B = Non-inter-level travel time spent in this place.
 C = Inter-level travel time spent in this place.
 D = Time resting spent in this place.
 E = Time spent auto-exploring this place.
 F = Levels seen in this place.
 G = Mean time per level.
                   A        B        C        D        E       F      G
               +--------+--------+--------+--------+--------+-----+--------+
         Total |  38441 |  37401 |   1040 |   8756 |  22399 |  27 | 1423.7 |
       Dungeon |  22471 |  21823 |    648 |   4648 |  13969 |  15 | 1498.1 |
          Lair |   8071 |   7780 |    291 |    805 |   5733 |   6 | 1345.2 |
  Orcish Mines |   3821 |   3722 |     99 |   1275 |   1587 |   2 | 1910.5 |
   Elven Halls |    873 |    873 |      0 |    202 |    503 |   1 |  873.0 |
        Bailey |   1191 |   1191 |      0 |    774 |    111 |   1 | 1191.0 |
      Ice Cave |   1161 |   1161 |      0 |    553 |    351 |   1 | 1161.0 |
      Gauntlet |    851 |    851 |      0 |    499 |    143 |   1 |  851.0 |
               +--------+--------+--------+--------+--------+-----+--------+

Top non-repeatable levels by time:
    D:14: 4185 daAuts
   Orc:2: 2505 daAuts
  Lair:6: 2350 daAuts
    D:13: 1959 daAuts
     D:8: 1825 daAuts
     D:3: 1709 daAuts
     D:5: 1649 daAuts
     D:2: 1635 daAuts
     D:7: 1487 daAuts
  Lair:1: 1370 daAuts
   Orc:1: 1315 daAuts
  Lair:5: 1304 daAuts
  Lair:4: 1274 daAuts
     D:9: 1273 daAuts
     D:4: 1193 daAuts
